 Dungeon Crawl Stone Soup version 0.23.0 (webtiles) character file.

Game seed: 2849340721466889127

56177 Laan the Cleaver (level 14, -8/92 HPs)
             Began as a Gargoyle Fighter on Feb 9, 2019.
             Was a High Priest of the Shining One.
             Mangled by Kirke (13 damage)
             ... on level 13 of the Dungeon on Feb 10, 2019.
             The game lasted 00:38:57 (17510 turns).

Laan the Cleaver (Gargoyle Fighter)                Turns: 17510, Time: 00:38:58

Health: -8/92      AC:  0    Str: 25    XL:     14   Next: 80%
Magic:  20/20      EV: 13    Int:  9    God:    the Shining One [*****.]
Gold:   1166       SH:  0    Dex:  9    Spells: 13/13 levels left

rFire    . . .     SeeInvis .   (weapon currently unavailable)
rCold    . . .     Gourm    +   (shield currently unavailable)
rNeg     + + +     Faith    .   (armour currently unavailable)
rPois    ∞         Spirit   .   (helmet currently unavailable)
rElec    .         Reflect  .   (cloak currently unavailable)
rCorr    .         Harm     .   (gloves currently unavailable)
MR       +....                  (boots currently unavailable)
Stlth    +.........             I - amulet of the gourmand
HPRegen  0.25/turn              (ring currently unavailable)
MPRegen  0.17/turn              (ring currently unavailable)

@: pig-form, flying, slowed, glowing
A: small, negative energy resistance 1, petrification resistance, rot immunity,
AC +10
a: Divine Shield, Cleansing Flame, Summon Divine Warrior, Renounce Religion


You were on level 13 of the Dungeon.
You worshipped the Shining One.
The Shining One was extremely pleased with you.
You were very full.
You were a filthy swine.
You visited 3 branches of the dungeon, and saw 20 of its levels.

You collected 1502 gold pieces.
You spent 336 gold pieces at shops.

Inventory:

Hand Weapons
 a - a +3 broad axe of freezing
 b - the +6 hand axe of Causality (melded) {flame, Int+5}
   (You bought it in a shop on level 6 of the Dungeon)

   It has been specially enchanted to burn those struck by it, causing extra
   injury to most foes and up to half again as much damage against particularly
   susceptible opponents.
   Big, fiery blades are also staple armaments of hydra-hunters.
   It affects your intelligence (+5).
Missiles
 z - 15 javelins (quivered)
Armour
 c - a +0 shield (melded)
 s - a +1 helmet (melded)
 u - a +0 plate armour (melded)
 F - the cursed +0 pair of boots of the Pits of Slime (melded) {-Cast rElec Dex+6 Stlth+}
   (You found it on level 7 of the Dungeon)

   It affects your dexterity (+6).
   It insulates you from electricity.
   It prevents spellcasting.
   It makes you more stealthy.
   It has a curse placed upon it.
 J - the +1 pair of gloves of Ugrikes (melded) {SInv}
   (You found it on level 9 of the Dungeon)

   It lets you see invisible.
Jewellery
 n - a +3 ring of protection (melded)
 C - a +2 ring of intelligence (melded)
 I - an amulet of the gourmand (around neck)
Wands
 e - a wand of acid (3)
 t - a wand of flame (30)
 x - a wand of iceblast (20)
 H - a wand of paralysis (17)
 L - a wand of digging (2)
 M - a wand of enslavement (12)
Scrolls
 g - 14 scrolls of teleportation
 i - 15 scrolls of identify
 j - a scroll of blinking
 l - 3 scrolls of enchant armour
 q - 5 scrolls of fear
 r - a scroll of fog
 v - 4 scrolls of amnesia
 B - 5 scrolls of remove curse
 K - 2 scrolls of magic mapping
Potions
 d - 3 potions of might
 h - 2 potions of lignification
 k - 7 potions of brilliance
 m - 3 potions of ambrosia
 o - 4 potions of mutation
 p - 2 potions of cancellation
 w - 3 potions of curing
 A - 8 potions of heal wounds
 D - 4 potions of haste
 E - a potion of berserk rage
 G - a potion of resistance {unknown}
Comestibles
 f - 33 rations


   Skills:
 + Level 12.3 Fighting
 * Level 14.0 Axes
 + Level 12.3 Armour
 + Level 12.3 Shields
 + Level 8.4 Invocations


You had 13 spell levels left.
You didn't know any spells.
Your spell library contained the following spells:

 Spells                   Type           Power        Failure   Level  Hunger
 Beastly Appendage        Tmut           #.....       38%         1    ##.....
 Corona                   Hex            #......      38%         1    ##.....
 Flame Tongue             Conj/Fire      #....        38%         1    ##.....
 Magic Dart               Conj           #...         38%         1    ##.....
 Shock                    Conj/Air       #...         38%         1    ##.....
 Ensorcelled Hibernation  Hex/Ice        #.....       52%         2    ###....
 Searing Ray              Conj           #.....       52%         2    ###....
 Sticks to Snakes         Tmut           #.......     52%         2    ###....
 Swiftness                Chrm/Air       #.......     52%         2    ###....
 Throw Flame              Conj/Fire      #.....       52%         2    ###....
 Confuse                  Hex            #.......     77%         3    ####...
 Conjure Flame            Conj/Fire      #.......     77%         3    ####...
 Dazzling Spray           Conj/Hex       #.....       77%         3    ####...
 Inner Flame              Hex/Fire       #.......     77%         3    ####...
 Spider Form              Tmut/Pois      #.........   77%         3    ####...
 Static Discharge         Conj/Air       #.......     77%         3    ####...
 Tukima's Dance           Hex            #.......     77%         3    ####...
 Airstrike                Air            #.........   99%         4    #####..
 Force Lance              Conj/Tloc      #.......     99%         4    #####..
 Fulminant Prism          Conj/Hex       #.........   99%         4    #####..
 Ice Form                 Ice/Tmut       #.......     99%         4    #####..
 Iskenderun's Mystic Bla  Conj           #.......     99%         4    #####..
 Sticky Flame             Conj/Fire      #.......     99%         4    #####..
 Summon Lightning Spire   Summ/Air       #.......     99%         4    #####..
 Blade Hands              Tmut           #.........   100%        5    ######.
 Fireball                 Conj/Fire      #.........   100%        5    ######.
 Lightning Bolt           Conj/Air       #.........   100%        5    ######.
 Silence                  Hex/Air        #.........   100%        5    ######.
 Conjure Ball Lightning   Conj/Air       #.........   100%        6    #######
 Deflect Missiles         Chrm/Air       #.........   100%        6    #######
 Tornado                  Air            #.........   100%        9    #######


Dungeon Overview and Level Annotations

Branches:
Dungeon (13/15)            Temple (1/1) D:5            Lair (6/6) D:11
  Swamp (0/4) Lair:3        Snake (0/4) Lair:3        Slime (0/5) Lair:6
    Orc (0/2) D:9          Vaults (0/5) D:13

Altars:
Ashenzari
Cheibriados
Dithmenos
Elyvilon
Fedhas
Hepliaklqana
Makhleb
Nemelex Xobeh
Okawaru
Qazlal
Ru
Sif Muna
Trog
Uskayaw
Vehumet
Wu Jian
Xom
Zin
The Shining One
Beogh

Shops:
D:6 (   D:9 }

Annotations:
D:12 1 runed translucent door, exclusion: 2 orange crystal statues
D:13 Kirke


Innate Abilities, Weirdness & Mutations

You are resistant to torment.
((Your stone body is resilient. (AC +10)))
You are immune to poison.
((Your large and strong wings let you fly indefinitely.))
You resist negative energy. (rN+)
((You are resistant to electric shocks. (rElec)))
((You can survive without breathing.))
You are immune to petrification.
You are immune to rotting.


Message History

You hit the sphinx but do no damage. The sphinx completely misses you.
The sphinx hits you! The sphinx closely misses you.
Kirke casts a spell.
Kirke flickers and vanishes for a moment.
You hit the sphinx.
The sphinx is lightly wounded.
The sphinx mumbles some strange words.
Something smites you!
* * * LOW HITPOINT WARNING * * *
Kirke barely misses you.
You hit Kirke.
Kirke is almost dead.
The sphinx hits you!
* * * LOW HITPOINT WARNING * * *
The sphinx hits you.
* * * LOW HITPOINT WARNING * * *
The sphinx hits you.
* * * LOW HITPOINT WARNING * * *
Kirke hits you!
You die...

#.# ##.# #..# ####.###
####### #......###
....... ## #........##
....... .. #......#..##
.......
#..........##..##H......
###......###..h@......
####.### ####†...... ..#
####... ..## # +.#


You could see Kirke (invisible) and a sphinx.

Vanquished Creatures
  The ghost of guttsta the Severer, a journeyman MiBe of Trog (Lair:3)
  A yaktaur captain (D:13)
  A fire dragon (Lair:6)
  Fannar (Lair:3)
  A catoblepas (Lair:5)
  Erica (D:8)
  5 hydras
  A two-headed ogre (D:11)
  A centaur warrior (D:13)
  A death knight (D:12)
  The ghost of Cato the Destroyer, a journeyman DECj of Sif Muna (Lair:2)
  5 death yaks (Lair:6)
  Urug (D:10)
  A lindwurm (Lair:6)
  2 unseen horrors
  3 ugly things
  3 manticores
  6 black mambas
  3 molten gargoyles (Lair:6)
  10 spiny frogs
  12 komodo dragons
  4 rime drakes (Lair:2)
  2 ice devils (Lair:4)
  2 yaktaurs (D:13)
  A queen bee (Lair:3)
  3 trolls
  2 slime creatures (Lair:6)
  3 polar bears (Lair:6)
  2 hornets (Lair:3)
  18 blink frogs
  6 hippogriffs
  A shadow (D:10)
  26 yaks
  5 wyverns
  A water elemental (D:11)
  5 basilisks
  A golden eye (shapeshifter) (D:11)
  7 hogs (D:13)
  A hungry ghost (D:11)
  4 vampire mosquitoes (Lair:6)
  2 insubstantial wisps (Lair:6)
  4 hell hounds (Lair:6)
  4 porcupines
  11 water moccasins
  4 sky beasts
  5 orc warriors
  2 eyes of draining
  3 ice beasts
  4 black bears
  2 necrophages
  3 phantoms
  11 ogres
  33 wolves
  11 centaurs
  11 crocodiles
  13 bullfrogs
  A spiny frog simulacrum (Lair:2)
  5 scorpions
  17 killer bees
  4 wights (D:9)
  5 electric eels
  3 howler monkeys
  A komodo dragon simulacrum (Lair:2)
  5 lava snakes (Lair:6)
  8 crimson imps
  3 quasits
  2 bullfrog zombies
  2 centaur zombies (D:7)
  7 orc wizards
  3 jellies
  8 orc priests
  A water moccasin simulacrum (Lair:2)
  2 bullfrog skeletons
  6 hounds
  A centaur skeleton (D:5)
  5 iguanas
  8 worker ants
  A yak simulacrum (Lair:2)
  A hound zombie (D:9)
  A black bear simulacrum (Lair:2)
  3 hound skeletons
  A worker ant zombie (D:6)
  3 gnolls (D:8)
  A howler monkey skeleton (D:5)
  11 adders
  A crocodile simulacrum (Lair:2)
  A shadow imp (D:8)
  3 worms
  2 dart slugs (D:1)
  10 leopard geckos
  43 orcs
  2 ball pythons
  8 bats
  4 giant cockroaches
  8 goblins
  4 hobgoblins
  22 jackals
  4 quokkas
  6 frilled lizards
  5 kobolds (D:1)
  12 rats
  2 fungi (Lair:6)
  A plant (Lair:6)
535 creatures vanquished.

Vanquished Creatures (others)
  A slime creature (Lair:6)
  4 fungi
  4 plants
9 creatures vanquished.

Grand Total: 544 creatures vanquished

Notes
Turn   | Place    | Note
-------+----------+-------------------------------------------
     0 | D:1      | Laan the Gargoyle Fighter began the quest for the Orb.
     0 | D:1      | Reached XP level 1. HP: 14/14 MP: 1/1
    94 | D:1      | Reached skill level 2 in Axes
   176 | D:1      | Reached XP level 2. HP: 15/19 MP: 2/2
   354 | D:1      | Reached XP level 3. HP: 19/23 MP: 3/3
   968 | D:2      | Reached XP level 4. HP: 9/29 MP: 4/4
  1200 | D:2      | Found a blossoming altar of Fedhas.
  2014 | D:3      | Found a sacrificial altar of Ru.
  2211 | D:3      | Reached skill level 3 in Axes
  2493 | D:3      | Found a sparkling altar of Nemelex Xobeh.
  2596 | D:4      | Reached XP level 5. HP: 30/33 MP: 5/5
  3062 | D:4      | Found a deep blue altar of Sif Muna.
  3062 | D:4      | Found a shimmering altar of Xom.
  3231 | D:4      | Reached XP level 6. HP: 38/38 MP: 6/6
  3274 | D:4      | Noticed a phantom
  3306 | D:4      | Killed a phantom
  3306 | D:4      | Reached skill level 4 in Axes
  3541 | D:5      | Entered Level 5 of the Dungeon
  3557 | D:5      | Found a white marble altar of Elyvilon.
  3583 | D:5      | Reached XP level 7. HP: 42/44 MP: 7/7
  3626 | D:5      | Found a staircase to the Ecumenical Temple.
  3636 | Temple   | Entered the Ecumenical Temple
  3644 | Temple   | Became a worshipper of the Shining One
  3728 | D:5      | Found a snail-covered altar of Cheibriados.
  3759 | D:5      | Reached skill level 5 in Shields
  3764 | D:5      | Reached skill level 5 in Fighting
  3767 | D:5      | HP: 2/44 [orc priest/divine providence (10)]
  3772 | D:5      | Reached skill level 5 in Armour
  3777 | D:5      | HP: 2/44 [crimson imp (2)]
  3796 | D:5      | Reached skill level 5 in Axes
  3849 | D:5      | Reached * piety under the Shining One
  3860 | D:5      | Found a glowing silver altar of Zin.
  4220 | D:6      | Reached XP level 8. HP: 50/50 MP: 8/8
  4256 | D:6      | Found Kuushih's Antique Weapon Emporium.
  4267 | D:6      | Bought a warped hand axe for 224 gold pieces
  4267 | D:6      | Identified the +6 hand axe of Causality {flame, Int+5} (You
                  | bought it in a shop on level 6 of the Dungeon)
  4388 | D:6      | Reached skill level 6 in Axes
  4623 | D:6      | You fall through a shaft!
  4707 | D:7      | Reached XP level 9. HP: 53/56 MP: 9/9
  4872 | D:7      | Reached ** piety under the Shining One
  4912 | D:7      | Reached skill level 7 in Axes
  4961 | D:7      | Found a bloodstained altar of Trog.
  5129 | D:7      | Got a pair of twisted boots
  5130 | D:7      | Identified the cursed +0 pair of boots of the Pits of Slime
                  | {-Cast rElec Dex+6 Stlth+} (You found it on level 7 of the
                  | Dungeon)
  5658 | D:6      | Bought a broad axe for 112 gold pieces
  5723 | D:8      | Found a hazy altar of Hepliaklqana.
  5872 | D:8      | Reached skill level 8 in Axes
  6039 | D:8      | Found a hide-covered altar of Uskayaw.
  6159 | D:9      | Noticed Erica
  6217 | D:8      | Killed Erica
  6217 | D:8      | Reached XP level 10. HP: 62/64 MP: 10/10
  6366 | D:9      | Found a shadowy altar of Dithmenos.
  6431 | D:9      | Found a staircase to the Orcish Mines.
  6490 | D:9      | Reached *** piety under the Shining One
  6683 | D:9      | Found Seiplek's Gadget Shop.
  6720 | D:9      | Got a pair of slimy gloves
  6721 | D:9      | Identified the +1 pair of gloves of Ugrikes {SInv} (You
                  | found it on level 9 of the Dungeon)
  6874 | D:9      | Found a radiant altar of Vehumet.
  6987 | D:10     | Entered Level 10 of the Dungeon
  7003 | D:10     | Reached skill level 9 in Axes
  7127 | D:10     | Found a hide-covered altar of Uskayaw.
  7231 | D:10     | Noticed Urug
  7253 | D:10     | Killed Urug
  7564 | D:11     | Noticed an unseen horror
  7568 | D:11     | Killed an unseen horror
  7569 | D:11     | Found a staircase to the Lair.
  7607 | D:11     | Reached XP level 11. HP: 69/69 MP: 11/11
  7820 | D:11     | Reached skill level 10 in Axes
  8005 | D:11     | Noticed a two-headed ogre
  8014 | D:11     | Killed a two-headed ogre
  8164 | D:11     | Noticed a manticore
  8167 | D:11     | Killed a manticore
  8523 | Lair:1   | Entered Level 1 of the Lair of Beasts
  8537 | Lair:1   | Reached skill level 1 in Invocations
  9005 | Lair:1   | Noticed a six-headed hydra
  9005 | Lair:1   | Reached **** piety under the Shining One
  9016 | Lair:1   | Killed a one-headed hydra
  9217 | Lair:1   | Reached skill level 11 in Axes
  9402 | Lair:1   | Reached XP level 12. HP: 60/77 MP: 13/13
 10276 | Lair:2   | Reached skill level 10 in Fighting
 10276 | Lair:2   | Reached skill level 10 in Shields
 10281 | Lair:2   | Reached skill level 10 in Armour
 10611 | Lair:2   | Found a runed translucent gate.
 10611 | Lair:2   | Found a runed translucent gate.
 10612 | Lair:2   | Found a runed translucent gate.
 11068 | Lair:2   | Noticed Cato's ghost (journeyman DECj)
 11122 | Lair:2   | Killed Cato's ghost
 11323 | Lair:3   | Found a staircase to the Snake Pit.
 11336 | Lair:3   | Reached skill level 12 in Axes
 11351 | Lair:3   | Reached skill level 5 in Invocations
 11499 | Lair:3   | Reached XP level 13. HP: 78/83 MP: 16/16
 11506 | Lair:3   | Noticed Fannar
 11554 | Lair:3   | Killed Fannar
 11758 | Lair:3   | Found a staircase to the Swamp.
 11932 | Lair:3   | Noticed guttsta's ghost (journeyman MiBe)
 11934 | Lair:3   | Found a transporter.
 12030 | Lair:3   | Found a transporter.
 12106 | Lair:3   | Killed guttsta's ghost
 12480 | Lair:4   | Found a frozen archway.
 13674 | Lair:5   | Reached ***** piety under the Shining One
 13838 | Lair:6   | Entered Level 6 of the Lair of Beasts
 14092 | Lair:6   | Reached skill level 13 in Axes
 14289 | Lair:6   | Gained mutation: Your large and strong wings let you fly
                  | indefinitely. [Gargoyle growth]
 14289 | Lair:6   | Reached XP level 14. HP: 83/91 MP: 19/19
 14527 | Lair:6   | Found a staircase to the Slime Pits.
 15306 | Lair:6   | Found a large runed translucent door.
 15307 | Lair:6   | Found a large runed translucent door.
 16250 | D:12     | Found a roughly hewn altar of Beogh.
 16427 | D:12     | Found a runed translucent door.
 17116 | D:13     | Found a gate to the Vaults.
 17482 | D:13     | Noticed Kirke
 17493 | D:13     | Reached skill level 14 in Axes
 17506 | D:13     | Noticed a sphinx
 17510 | D:13     | Mangled by Kirke

Skill      XL: |  1  2  3  4  5  6  7  8  9 10 11 12 13 14 |
---------------+-------------------------------------------+-----
Axes           | 2 3 4 5 6 8 9 11 12 13 14 | 14.0
Shields        | 4 5 6 7 8 9 10 11 12 | 12.3
Fighting       | 4 5 6 7 8 9 10 11 12 | 12.3
Armour         | 4 5 6 7 8 9 10 11 12 | 12.3
Invocations    | 2 5 7 8 |  8.4

Action                   |  1- 3 |  4- 6 |  7- 9 | 10-12 | 13-15 || total
-------------------------+-------+-------+-------+-------+-------++-------
Melee: War axe           |   136 |   212 |    95 |       |       ||   443
       Hand axe          |       |       |   206 |   553 |   679 ||  1438
       Broad axe         |       |       |       |       |   119 ||   119
       Unarmed           |       |       |       |       |     6 ||     6
 Abil: Fly               |       |       |       |       |     1 ||     1
  Use: Scroll            |       |     6 |     7 |     6 |    13 ||    32
       Potion            |       |       |     5 |     1 |     5 ||    11
  Eat: Chunk             |     1 |     7 |    10 |    38 |    19 ||    75
Armor: Chain mail        |    99 |   138 |       |       |       ||   237
       Scale mail        |     1 |       |       |       |       ||     1
       Plate armour      |       |    60 |   194 |   219 |   333 ||   806
Dodge: Dodged            |    31 |    58 |    54 |    72 |   129 ||   344
Block: Shield            |    92 |   119 |   174 |   243 |   358 ||   986
